 Dungeon Crawl Stone Soup version 0.30-a0-533-g4794bfbd1c (webtiles) character file.

Game seed: 9488896358142402973

826 Mesmaeker13 the Covered (level 7, 0/64 HPs)
             Began as an Armataur Fighter on Dec 24, 2022.
             Slain by a gnoll
             ... wielding a +0 whip
             ... led by a gnoll sergeant
              (1 damage)
             ... on level 5 of the Dungeon.
             The game lasted 00:09:05 (4617 turns).

Mesmaeker13 the Covered (Armataur Fighter)          Turns: 4617, Time: 00:09:06

Health: 0/64       AC: 10    Str: 21    XL:     7   Next: 64%
Magic:  7/7        EV:  5    Int:  9    God:
Gold:   259        SH:  5    Dex: 11    Spells: 6/6 levels left

rFire   . . .      SeeInvis .    p - +1 hand axe (flame)
rCold   + . .      Faith    .    c - +0 buckler
rNeg    . . .      Spirit   .    u - +0 chain mail
rPois   +          Reflect  .    w - +0 helmet
rElec   .          Harm     .    (no cloak)
rCorr   .          Roll     +    (no gloves)
Will    .....                    (no barding) Stlth
                                 r - amulet of the acrobat
HPRegen 0.30/turn                m - ring of poison resistance
MPRegen 0.10/turn                n - ring of protection from cold

@: no status effects
A: large, rugged brown scales 3, deformed body, armoured tail, roll, long
tongue, awkward tongue
a: no special abilities


You were on level 5 of the Dungeon.
You visited 1 branch of the dungeon, and saw 5 of its levels.

You collected 259 gold pieces.

Inventory:

Hand Weapons
 a - a +0 flail
 p - a +1 hand axe of flaming (weapon)
Missiles
 i - 6 poisoned darts
 A - 2 silver javelins (quivered)
Armour
 c - a +0 buckler (worn)
 u - a +0 chain mail (worn)
 w - a +0 helmet (worn)
Jewellery
 m - a ring of poison resistance (left hand)
 n - a ring of protection from cold (right hand)
 r - an amulet of the acrobat (around neck)
 t - a ring of resist corrosion
Scrolls
 b - a scroll of fear {unknown}
 e - 2 scrolls of noise
 f - 3 scrolls of teleportation
 j - 3 scrolls of magic mapping
 o - a scroll of torment {unknown}
 s - 2 scrolls of enchant armour {unknown}
 v - 2 scrolls of enchant weapon {unknown}
 y - a scroll of butterflies {unknown}
Potions
 d - a potion of might
 g - 2 potions of curing
 h - 2 potions of heal wounds
 k - a potion of mutation {unknown}
 l - 2 potions of brilliance
 q - a potion of lignification {unknown}
 x - 2 potions of haste {unknown}
 z - a potion of flight {unknown}


   Skills:
 + Level 4.7 Fighting
 + Level 2.8(3.2) Axes
 - Level 2.6(3.3) Maces & Flails
 + Level 6.2 Armour
 + Level 5.7 Shields


You had 6 spell levels left.
You didn't know any spells.
Your spell library contained the following spells:

 Spells                   Type           Power      Damage    Failure   Level
 Apportation              Tloc           0%         N/A       99%         1
 Necrotise                Necr           0%         1d4       99%         1
 Sandblast                Erth           0%         2d4       99%         1
 Summon Small Mammal      Summ           0%         N/A       99%         1
 Passwall                 Tmut/Erth      0%         N/A       99%         2
 Stone Arrow              Conj/Erth      0%         3d7       100%        3


Dungeon Overview and Level Annotations

Branches:
Dungeon (5/15)
 Temple: D:4-7

Altars:
Kikubaaqudgha
Sif Muna
Vehumet
Wu Jian
Yredelemnul


Innate Abilities, Weirdness & Mutations

You are completely covered in rugged brown scales. (AC +3, +7% HP)
Armour fits poorly on your strangely shaped body.
You have a long armoured tail.
You roll when moving toward enemies. (Rampage)
Your long tongue fully drains potion bottles. (2x potion effects)
Your tongue gives you trouble enunciating. (1.5x scroll delay)


Message History

The gnoll sergeant is almost dead.
The gnoll sergeant hits you but does no damage.
You hit the gnoll sergeant but do no damage.
The gnoll sergeant is almost dead.
You block the gnoll sergeant's attack.
You hit the gnoll sergeant but do no damage.
The gnoll sergeant is almost dead.
The gnoll sergeant barely misses you.
You hit the gnoll sergeant but do no damage.
The gnoll sergeant is almost dead.
The gnoll sergeant hits you but does no damage.
The gnoll sergeant blocks your attack.
Your tail-slap misses the gnoll sergeant.
The gnoll sergeant is almost dead.
The gnoll sergeant hits you with a +0 spear!
The gnoll sergeant hits you with a +0 spear.
* * * LOW HITPOINT WARNING * * *
The gnoll sergeant blocks your attack.
The gnoll sergeant is almost dead.
The gnoll sergeant hits you but does no damage.
You barely miss the gnoll sergeant.
Your tail-slap misses the gnoll sergeant.
The gnoll sergeant is almost dead.
The gnoll sergeant hits you with a +0 spear!
* * * LOW HITPOINT WARNING * * *
You hit the gnoll sergeant. You burn the gnoll sergeant.
You tail-slap the gnoll sergeant, but do no damage.
The gnoll sergeant is almost dead.
The gnoll sergeant hits you with a +0 spear.
* * * LOW HITPOINT WARNING * * *
You hit the gnoll sergeant. You burn the gnoll sergeant.
You kill the gnoll sergeant!
You closely miss the gnoll.
The gnoll is moderately wounded.
The gnoll hits you with a +0 whip.
* * * LOW HITPOINT WARNING * * *
You closely miss the gnoll. You tail-slap the gnoll.
The gnoll is moderately wounded.
The gnoll hits you with a +0 whip.
You die...

### .># #.# #.#
### #.# ### ####
..###.# #(. ..#
##.##.# #.# #.#
#....# #g#
#.#######
##.##.### #@#
#........
..###...########.#
#.######. .##
#.#..........# #.#
#. .#
#.#.##........#
#.## ##. .#
#.#.##.######.#
#####..####..
.####.#.##.#
#.###.....[......
....#.#.##.#
#>...........##..
###.#.#.##.#
##.##.####.#.###.
# #.#.#.##.#
#.##.####.#.###.


You could see a gnoll.

Vanquished Creatures
  A shadow (D:5)
  A water moccasin (D:4)
  An ice beast (D:5)
  A gnoll sergeant (D:5)
  2 scorpions
  A necrophage (D:4)
  A jelly (D:4)
  An orc wizard (D:3)
  5 gnolls
  4 adders
  A white imp (D:5)
  7 worms
  5 dart slugs
  An orc (D:3)
  7 bats
  7 endoplasms
  3 giant cockroaches
  7 hobgoblins
  3 jackals (D:1)
  3 quokkas
  6 ball pythons
  3 frilled lizards (D:1)
  2 goblins (D:4)
  5 kobolds
  3 rats
81 creatures vanquished.

Notes
Turn   | Place    | Note
-------+----------+-------------------------------------------
     0 | D:1      | Mesmaeker13 the Armataur Fighter began the quest for the
                  | Orb.
     0 | D:1      | Reached XP level 1. HP: 19/19 MP: 1/1
   157 | D:1      | Reached XP level 2. HP: 26/26 MP: 2/2
   611 | D:1      | You fall into a shaft and drop 1 floor!
   747 | D:1      | Reached skill level 4 in Armour
   940 | D:2      | Reached XP level 3. HP: 33/33 MP: 3/3
  1744 | D:3      | Reached XP level 4. HP: 37/40 MP: 4/4
  1891 | D:3      | Found a shimmering blue altar of Sif Muna.
  2132 | D:3      | Found an ancient bone altar of Kikubaaqudgha.
  2486 | D:3      | Reached XP level 5. HP: 45/48 MP: 5/5
  2682 | D:4      | Noticed a water moccasin
  2717 | D:4      | Killed a water moccasin
  2718 | D:4      | Reached skill level 1 in Axes
  2718 | D:4      | Reached skill level 5 in Armour
  2905 | D:4      | Reached XP level 6. HP: 55/55 MP: 6/6
  2922 | D:4      | Found a radiant altar of Vehumet.
  3062 | D:4      | Reached skill level 5 in Shields
  3152 | D:4      | Found an ornate altar of the Wu Jian Council.
  3379 | D:5      | Entered Level 5 of the Dungeon
  3568 | D:5      | Noticed an ice beast
  3583 | D:5      | Killed an ice beast
  3584 | D:5      | Reached XP level 7. HP: 5/64 MP: 7/7
  4085 | D:5      | Noticed a shadow
  4110 | D:5      | Killed a shadow
  4111 | D:5      | Reached skill level 6 in Armour
  4514 | D:5      | Found a basalt altar of Yredelemnul.
  4613 | D:5      | HP: 3/64 [gnoll sergeant/+0 spear (12)]
  4614 | D:5      | HP: 1/64 [gnoll sergeant/+0 spear (2)]
  4617 | D:5      | Slain by a gnoll

Illustrated notes

Levels and vault maps discovered:
D:1:      onia_arrival_pentagram, layout_loops_ring,
          corexii_item_surrounded_by_moat, minmay_split_cup_small
D:2:      layout_loops_ring, grunt_decor_cap
D:3:      layout_loops_ring, nicolae_kikubaaqudgha_miasma_corner,
          kennysheep_orc_sif_temple
D:4:      layout_cave_pools, nicolae_wu_jian_immortal_techniques,
          mainiacjoe_overflow_brackets, nicolae_wormholes
D:5:      layout_loops_ring, yredelemnul_altar_generic,
          mainiacjoe_overflow_two_lobes

Skill      XL: |  1  2  3  4  5  6  7 |
---------------+----------------------+-----
Maces & Flails | 2 |  2.6
Fighting       | 3 4 |  4.7
Armour         | 4 5 6 |  6.2
Shields        | 4 5 |  5.7
Axes           | 1 2 |  2.8

Action                   |  1- 3 |  4- 6 |  7- 9 || total
-------------------------+-------+-------+-------++-------
Melee: Flail             |   114 |    22 |       ||   136
       Tailslap          |     8 |    17 |     6 ||    31
       Hand axe          |       |   137 |    50 ||   187
Throw: Dart              |     3 |       |       ||     3
       Javelin           |       |       |     4 ||     4
  Use: Scroll            |     3 |     3 |       ||     6
       Potion            |       |     3 |       ||     3
Armor: Scale mail        |    45 |       |       ||    45
       Chain mail        |     2 |    90 |    24 ||   116
Dodge: Dodged            |    41 |    53 |     7 ||   101
Block: Buckler           |    13 |    32 |    10 ||    55

Table legend: (Time is in decaauts)
 A = Elapsed time spent in this place.
 B = Non-inter-level travel time spent in this place.
 C = Inter-level travel time spent in this place.
 D = Time resting spent in this place.
 E = Time spent auto-exploring this place.
 F = Levels seen in this place.
 G = Mean time per level.
                   A        B        C        D        E       F      G
               +--------+--------+--------+--------+--------+-----+--------+
         Total |   4702 |   4528 |    174 |    990 |   2496 |   5 |  940.4 |
       Dungeon |   4702 |   4528 |    174 |    990 |   2496 |   5 |  940.4 |
               +--------+--------+--------+--------+--------+-----+--------+

Top non-repeatable levels by time:
     D:3: 1038 daAuts
     D:4: 1015 daAuts
     D:5: 979 daAuts
     D:1: 881 daAuts
     D:2: 788 daAuts
